 Dungeon Crawl Stone Soup version 0.29-a0-1043-g569b05d6ff (webtiles) character file.

Game seed: 2910897830261758632

150 quixfox the Conjurer (level 5, -7/35 HPs)
             Began as a Demonspawn Conjurer on Aug 16, 2022.
             Mangled by Pikel
             ... wielding a +2 whip of freezing
              (8 damage)
             ... on level 3 of the Dungeon.
             The game lasted 00:07:54 (3975 turns).

quixfox the Conjurer (Demonspawn Conjurer)          Turns: 3975, Time: 00:07:55

Health: -7/35      AC:  3    Str:  8    XL:     5   Next: 10%
Magic:  1/10       EV: 12    Int: 21    God:
Gold:   89         SH:  0    Dex: 11    Spells: 8/11 levels left

rFire   . . .      SeeInvis +   j - +0 dagger
rCold   . . .      Faith    .   (no shield)
rNeg    . . .      Spirit   .   a - +0 robe
rPois   +          Reflect  .   k - +0 helmet
rElec   .          Harm     .   (no cloak)
rCorr   .          Rampage  .   (no gloves)
Will    .....                   (no boots)
Stlth   ++........              (no amulet)
HPRegen 0.11/turn               e - ring of poison resistance
MPRegen 0.12/turn               f - ring of see invisible

@: no status effects
A: demonic touch 1
a: no special abilities


You were on level 3 of the Dungeon.
You visited 1 branch of the dungeon, and saw 4 of its levels.

You collected 89 gold pieces.

Inventory:

Hand Weapons
 j - a +0 dagger (weapon)
Armour
 a - a +0 robe (worn)
 k - a +0 helmet (worn)
Jewellery
 e - a ring of poison resistance (left hand)
 f - a ring of see invisible (right hand)
Wands
 p - a wand of paralysis (10)
Scrolls
 d - 2 scrolls of identify
 i - a scroll of poison {unknown}
 l - a scroll of fear {unknown}
 n - a scroll of enchant armour {unknown}
 o - a scroll of enchant weapon {unknown}
 q - a scroll of brand weapon {unknown}
 r - a scroll of noise {unknown}
Potions
 b - a potion of magic
 c - 2 potions of lignification {unknown}
 g - a potion of haste {unknown}
 h - 4 potions of curing
 m - a potion of degeneration {unknown}


   Skills:
 - Level 1.7 Dodging
 - Level 1.7 Stealth
 + Level 3.7 Spellcasting
 + Level 5.3 Conjurations


You had 8 spell levels left.
You knew the following spells:

 Your Spells              Type           Power      Damage    Failure   Level
a - Magic Dart            Conj           100%       1d8       1%          1
b - Searing Ray           Conj           52%        2d6       1%          2

Your spell library contained the following spells:

 Spells                   Type           Power      Damage    Failure   Level
 Dazzling Flash           Conj/Hex       30%        N/A       12%         3
 Fulminant Prism          Conj/Hex       7%         3d7       38%         4
 Iskenderun's Mystic Bla  Conj/Tloc      15%        2d5       38%         4


Dungeon Overview and Level Annotations

Branches:
Dungeon (4/15)
 Temple: D:4-7

Altars:

Shops:
D:1 (   D:3 (

Annotations:
D:3 Pikel


Innate Abilities, Weirdness & Mutations

Your touch may inflict minor irresistible damage on your foes.


Message History

The searing ray hits the lemure.
The lemure is severely wounded.
The searing ray hits Pikel but does no damage.
Pikel is lightly wounded.
The searing ray misses the lemure.
You finish channelling your searing ray.
The lemure barely misses you.
Casting: Searing Ray (safe; 1% risk of failure)
Confirm with . or Enter, or press ? or * to list all spells.
Aiming: Searing Ray (safe; 1% risk of failure)
Press: ? - help, Shift-Dir - straight line, f/p - lemure
Aim: a lemure (severely wounded, 74% to hit)
The searing ray hits the lemure!
You kill the lemure!
That felt strangely unrewarding.
The searing ray hits Pikel.
Pikel is lightly wounded.
The searing ray hits the lemure.
The lemure is severely wounded. (Press . to maintain the ray.)
The searing ray hits Pikel but does no damage.
Pikel is lightly wounded.
The searing ray hits the lemure!
The lemure is almost dead.
Pikel hits you with a +2 whip of freezing!
Pikel freezes you.
* * * LOW HITPOINT WARNING * * *
The searing ray hits Pikel.
Pikel is moderately wounded.
The searing ray hits the lemure!
You kill the lemure!
That felt strangely unrewarding.
Pikel hits you with a +2 whip of freezing.
* * * LOW HITPOINT WARNING * * *
Pikel freezes you.
* * * LOW HITPOINT WARNING * * *
The searing ray hits Pikel.
Pikel is moderately wounded.
You finish channelling your searing ray.
Pikel hits you with a +2 whip of freezing!
You die...

......#.#.####.........#
.......................#
...........##.....#.#####
.........#...######.....##
.........###.### ##.....##
.........# #...# #.......#
.........# ###.##
#.).....# .........#
#..###..[....# .#########
##.@K.......## ...#
#####.......# ...#
#.......# ...# #.>.....#
...# ##.....## ...#
##...## ...# ##### ...#
...#


You could see Pikel (invisible).

Vanquished Creatures
  2 lemures (D:3)
  Robin (D:3)
  4 adders
  A worm (D:2)
  3 dart slugs
  An orc (D:3)
  4 ball pythons
  6 endoplasms
  11 giant cockroaches
  12 goblins
  8 hobgoblins
  5 jackals (D:1)
  7 quokkas
  6 bats
  9 frilled lizards
  5 kobolds
  2 rats
87 creatures vanquished.

Notes
Turn   | Place    | Note
-------+----------+-------------------------------------------
     0 | D:1      | quixfox the Demonspawn Conjurer began the quest for the
                  | Orb.
     0 | D:1      | Reached XP level 1. HP: 13/13 MP: 3/3
   184 | D:1      | Found a faded altar of an unknown god.
   369 | D:1      | Gained mutation: Your touch may inflict minor irresistible
                  | damage on your foes. [demonic ancestry]
   369 | D:1      | Reached XP level 2. HP: 19/19 MP: 1/5
  1029 | D:1      | Learned a level 2 spell: Searing Ray
  1040 | D:1      | Reached XP level 3. HP: 24/24 MP: 0/7
  1165 | D:1      | Found Jishresk's Weapon Emporium.
  2334 | D:2      | Reached XP level 4. HP: 30/30 MP: 2/8
  2667 | D:3      | Noticed Robin
  2895 | D:2      | Reached skill level 5 in Conjurations
  3093 | D:3      | Killed Robin
  3209 | D:3      | Found a glowing drain.
  3485 | D:3      | Found Doaluja's Antique Weapon Boutique.
  3634 | D:3      | Reached XP level 5. HP: 33/35 MP: 2/10
  3960 | D:4      | Noticed Pikel
  3960 | D:4      | Noticed a lemure
  3960 | D:4      | Noticed a lemure
  3960 | D:4      | Noticed a lemure
  3960 | D:4      | Noticed a lemure
  3972 | D:3      | Killed a lemure
  3974 | D:3      | Killed a lemure
  3974 | D:3      | HP: 1/35 [Pikel/+2 whip of freezing (2)]
  3975 | D:3      | Mangled by Pikel

Illustrated notes

Levels and vault maps discovered:
D:1:      dpeg_arrival_stone_temple_mockup, layout_loops_corners, serial_shops,
          nicolae_square_shop, chequers_ecumenical_altar_twisty,
          minmay_lizard_king
D:2:      layout_basic, minmay_tromino_i4
D:3:      layout_rooms, serial_shops, shop, gup_sewer_entry_pipe, uniq_robin
D:4:      layout_loops_corners, uniq_pikel, uniq_sigmund,
          uniq_crazy_yiuf_cottage

Skill      XL: |  1  2  3  4 |
---------------+-------------+-----
Spellcasting   | 3 |  3.7
Conjurations   | 5 |  5.3
Dodging        | |  1.7
Stealth        | |  1.7

Action                   |  1- 3 |  4- 6 || total
-------------------------+-------+-------++-------
Melee: Unarmed           |     4 |       ||     4
       Touch             |     2 |     1 ||     3
       Dagger            |       |    19 ||    19
 Cast: Magic Dart        |   100 |    42 ||   142
       Searing Ray       |       |    14 ||    14
  Use: Scroll            |       |     1 ||     1
       Potion            |       |     1 ||     1
Armor: Robe              |     3 |    12 ||    15
Dodge: Dodged            |     3 |    54 ||    57

Table legend: (Time is in decaauts)
 A = Elapsed time spent in this place.
 B = Non-inter-level travel time spent in this place.
 C = Inter-level travel time spent in this place.
 D = Time resting spent in this place.
 E = Time spent auto-exploring this place.
 F = Levels seen in this place.
 G = Mean time per level.
                   A        B        C        D        E       F      G
               +--------+--------+--------+--------+--------+-----+--------+
         Total |   3987 |   3929 |     58 |    681 |   2739 |   4 |  996.8 |
       Dungeon |   3987 |   3929 |     58 |    681 |   2739 |   4 |  996.8 |
               +--------+--------+--------+--------+--------+-----+--------+

Top non-repeatable levels by time:
     D:1: 1736 daAuts
     D:2: 1404 daAuts
     D:3: 844 daAuts
     D:4: 1 daAuts
